 Dungeon Crawl Stone Soup version 0.28.0 (webtiles) character file.

Game seed: 4654912767064889136

1 Sharkman1231 the Sneak (level 1, 0/18 HPs)
             Began as a Demonspawn Delver on Feb 6, 2022.
             Slain by an adder (4 damage)
             ... on level 5 of the Dungeon.
             The game lasted 00:00:30 (62 turns).

Sharkman1231 the Sneak (Demonspawn Delver)            Turns: 62, Time: 00:00:31

Health: 0/18       AC:  3    Str: 12    XL:     1   Next: 16%
Magic:  1/1        EV: 11    Int: 17    God:
Gold:   0          SH:  0    Dex: 14    Spells: 0/0 levels left

rFire   . . .      SeeInvis +   a - +0 quarterstaff
rCold   . . .      Faith    .   (shield currently unavailable)
rNeg    . . .      Spirit   .   b - +0 leather armour
rPois   .          Reflect  .   (no helmet)
rElec   .          Harm     .   (no cloak)
rCorr   +          Rampage  .   (no gloves)
Will    .....                   (no boots)
Stlth   ++........              (no amulet)
HPRegen 0.06/turn               i - ring "Wuuclemant" {rCorr Int+6 SInv}
MPRegen 0.07/turn               (no ring)

@: lethally poisoned (0 -> -2)
A: no striking features
a: no special abilities


You were on level 5 of the Dungeon.
You visited 1 branch of the dungeon, and saw 1 of its levels.

Inventory:

Hand Weapons
 a - a +0 quarterstaff (weapon)
 h - a +0 falchion
Armour
 b - a +0 leather armour (worn)
Jewellery
 i - the ring "Wuuclemant" (left hand) {rCorr Int+6 SInv}
   (You found it on level 5 of the Dungeon)

   [ring of intelligence]

   Int:       It affects your intelligence (+6).
   SInv:      It lets you see invisible.
   rCorr:     It protects you from acid and corrosion.
Wands
 g - a wand of digging (3)
Scrolls
 c - a scroll of fog
 d - a scroll of magic mapping
 e - a scroll of fear
 k - a scroll of vulnerability {unknown}
Potions
 f - a potion of haste
 j - a potion of flight {unknown}


   Skills:
 + Level 3.0 Fighting
 - Level 1.7 Long Blades
 + Level 0.0 Staves
 + Level 1.8 Dodging
 + Level 4.5 Stealth


You couldn't memorise any spells.
You didn't know any spells.
Your spell library was empty.

Dungeon Overview and Level Annotations

Branches:
Dungeon (5/15)
 Temple: D:4-7

Altars:

Shops:
D:5 *(

Annotations:
D:5 Menkaure


Message History

Found Huriu's Weapon Shop.
There is an entrance to Ikuziaceo's General Store here.
You can access your shopping list by pressing '$'.
Your library has no spells.
You can access your shopping list by pressing '$'.
Found a scroll labelled KOEVIW MUESELE.
There is an entrance to Huriu's Weapon Shop here.
You can access your shopping list by pressing '$'.
k - a scroll labelled KOEVIW MUESELE
There is an entrance to Huriu's Weapon Shop here.
The quokka closely misses you.
You barely miss the quokka. The quokka bites you.
The quokka closely misses you.
You miss the quokka. The quokka bites you.
You hit the quokka.
The quokka is severely wounded.
The quokka barely misses you. x2
You closely miss the quokka.
The quokka is severely wounded.
The quokka bites you.
You hit the quokka but do no damage.
The quokka is severely wounded.
The quokka misses you. The quokka barely misses you.
You hit the quokka.
You kill the quokka!
An adder comes into view.
The adder hisses angrily.
A howler monkey skeleton comes into view.
The adder bites you.
You are poisoned.
The adder poisons you! The adder barely misses you.
Menkaure, Prince of Dust comes into view.
You feel sick. The adder bites you but does no damage.
You see here a fuming purple potion.
You feel sick.
You feel sick. The adder bites you.
You feel sick. The adder closely misses you.
The howler monkey skeleton completely misses you.
You feel sick. The adder bites you.
You die...

#∩##...∩..# ######.........#
.....#### #........##.####
>..#....# #).......##.#
.#......###........#..########
.≈≈≈≈...##..<........#........
....≈...##.........###........
.#......##...##.#####.........
.#...(..........@.............
...###...........SZ.##........
...................####.######
#......#######....!..# .#
#.......................#
..#.............#.#......#
.................>........
..#.............#.#.......
..########.#..............


You could see an adder and a howler monkey skeleton.

Vanquished Creatures
  A quokka (D:5)
1 creature vanquished.

Notes
Turn   | Place    | Note
-------+----------+-------------------------------------------
     0 | D:5      | Sharkman1231 the Demonspawn Delver began the quest for the
                  | Orb.
     0 | D:5      | Reached XP level 1. HP: 18/18 MP: 1/1
    10 | D:5      | Identified the ring "Wuuclemant" {rCorr Int+6 SInv}
    21 | D:5      | Found Ikuziaceo's General Store.
    26 | D:5      | Found Huriu's Weapon Shop.
    58 | D:5      | Noticed Menkaure
    62 | D:5      | Slain by an adder

Illustrated notes

Levels and vault maps discovered:
D:5:      layout_rooms, serial_shops, nicolae_diamond_shop, shop,
          nicolae_shop_stone, nicolae_shop_hallway_plus, shop,
          serial_bayou_pond_c, kennysheep_decorative_pillar, st_stairs_14,
          chequers_serial_rivers_micro_c, minmay_small_thing, uniq_menkaure

Action                   || total
-------------------------++-------
Melee: Quarterstaff      ||     6
Armor: Leather armour    ||     1
Dodge: Dodged            ||     9
